[Event "RUS-ch Rapid 2021"]
[Site "Sochi"]
[Date "2021.10.13"]
[Round "8.4"]
[White "Timofeev, Artyom"]
[Black "Lysyj, Igor"]
[Result "1/2-1/2"]
[ECO "A14"]
[WhiteElo "2586"]
[BlackElo "2603"]
[Annotator "RC"]
[PlyCount "38"]
[EventDate "2021.10.12"]
[EventType "swiss"]
[EventCountry "RUS"]
[SourceTitle "playchess.com"]
[Source "ChessBase"]
[SourceQuality "1"]
[TimeControl "900+10"]

1. c4 e6 2. Nf3 Nf6 3. b3 Be7 4. Bb2 O-O 5. g3 d5 6. Bg2 b6 7. cxd5 Nxd5 8. O-O Bb7 9. d4 Nd7 10. Nbd2 N5f6 11. Nc4 c5 12. Rc1 Rc8 13. dxc5 Nxc5 14. Nce5 Nd5 15. Ng4 Nf6 16. Nge5 Nd5 17. Ng4 Nf6 18. Nge5 Nd5 19. Ng4 Ra8 1/2-1/2

[Event "RUS-ch Rapid 2021"]
[Site "Sochi"]
[Date "2021.10.13"]
[Round "8.5"]
[White "Alekseev, Evgeny"]
[Black "Pridorozhni, Aleksei"]
[Result "1/2-1/2"]
[ECO "B45"]
[WhiteElo "2602"]
[BlackElo "2564"]
[Annotator "RC"]
[PlyCount "83"]
[EventDate "2021.10.12"]
[EventType "swiss"]
[EventCountry "RUS"]
[SourceTitle "playchess.com"]
[Source "ChessBase"]
[SourceQuality "1"]
[TimeControl "900+10"]

1. e4 c5 2. Nf3 e6 3. d4 cxd4 4. Nxd4 Nf6 5. Nc3 Nc6 6. Ndb5 Bc5 7. Bf4 O-O 8. Bc7 Qe7 9. Bd6 Bxd6 10. Qxd6 Ne8 11. Qxe7 Nxe7 12. O-O-O f5 13. f3 fxe4 14. Nxe4 d5 15. Nc5 b6 16. Nd3 Nc6 17. Re1 a6 18. Nc3 Nd6 19. Ne5 Nxe5 20. Rxe5 Bd7 21. Bd3 b5 22. Rhe1 Rad8 23. Rh5 g6 24. Rhe5 Kg7 25. R5e2 b4 26. Nd1 a5 27. Nf2 Rc8 28. Ng4 Nf7 29. Kd2 Rc7 30. f4 Rfc8 31. Ne5 Nxe5 32. Rxe5 Rf8 33. g3 Kf6 34. h4 h5 35. Ke3 Rfc8 36. Re2 a4 37. b3 Rc3 38. Kd4 a3 39. Rg5 Be8 40. Rge5 Bd7 41. Rg5 Be8 42. Rge5 1/2-1/2

[Event "RUS-ch Rapid 2021"]
[Site "Sochi"]
[Date "2021.10.13"]
[Round "8.6"]
[White "Sarana, Alexey"]
[Black "Vastrukhin, Oleg"]
[Result "1/2-1/2"]
[ECO "B06"]
[WhiteElo "2649"]
[BlackElo "2382"]
[Annotator "RC"]
[PlyCount "82"]
[EventDate "2021.10.12"]
[EventType "swiss"]
[EventCountry "RUS"]
[SourceTitle "playchess.com"]
[Source "ChessBase"]
[SourceQuality "1"]
[TimeControl "900+10"]

1. d4 g6 2. e4 Bg7 3. Nc3 d5 4. exd5 Nf6 5. Bb5+ Nbd7 6. Nge2 O-O 7. Nf4 Nb6 8. Qf3 Bg4 9. Qg3 Bf5 10. Bd3 Bxd3 11. Qxd3 Nbxd5 12. Nce2 c5 13. dxc5 Qa5+ 14. c3 Qxc5 15. O-O Rfd8 16. Qf3 e5 17. Nxd5 Qxd5 18. Bg5 Qxf3 19. gxf3 Rd3 20. Rad1 Rad8 21. Rxd3 Rxd3 22. Kg2 h6 23. Be3 Nd5 24. Bc1 b5 25. Re1 f5 26. Ng3 Kf7 27. Nf1 g5 28.
Ne3 Nf4+ 29. Kf1 Kg6 30. c4 bxc4 31. Nxc4 Rxf3 32. Bxf4 Rxf4 33. Nxe5+ Bxe5 34. Rxe5 Ra4 35. a3 Ra6 36. Rb5 f4 37. Kg2 Kh5 38. h3 Kh4 39. Rb7 h5 40. Rc7 Ra5 41. Rd7 Ra6 1/2-1/2

[Event "RUS-ch Rapid 2021"]
[Site "Sochi"]
[Date "2021.10.13"]
[Round "8.8"]
[White "Grachev, Boris"]
[Black "Popov, Valerij"]
[Result "1/2-1/2"]
[ECO "D30"]
[WhiteElo "2615"]
[BlackElo "2537"]
[Annotator "RC"]
[PlyCount "82"]
[EventDate "2021.10.12"]
[EventType "swiss"]
[EventCountry "RUS"]
[SourceTitle "playchess.com"]
[Source "ChessBase"]
[SourceQuality "1"]
[TimeControl "900+10"]

1. d4 Nf6 2. Nf3 e6 3. c4 d5 4. e3 a6 5. b3 c5 6. Bd3 Nc6 7. Bb2 cxd4 8. exd4 b6 9. O-O Bb7 10. Nbd2 Be7 11. Qe2 O-O 12. Rfd1 Nb4 13. Bb1 Nc6 14. a3 Re8 15. Bd3 Bf8 16. Rac1 g6 17. b4 dxc4 18. Nxc4 Bh6 19. Rc2 Nd5 20. g3 a5 21. b5 Nce7 22. Nce5 Rc8 23. h4 Rxc2 24. Bxc2 Qc8 25. Be4 f6 26. Nc4 Qd7 27. Bd3 Nf5 28. Re1 Bf8 29. Ncd2 Bg7 30. Ne4 Re7 31. Rc1 Re8 32. Re1 Re7 33. Ned2 h6 34. h5 g5 35. Nc4 Nd6 36. a4 Nxc4 37. Bxc4 Qe8 38. Nd2 f5 39. Ba3 Nb4 40. Bxb4 axb4 41. d5 g4 1/2-1/2

[Event "RUS-ch Rapid 2021"]
[Site "Sochi"]
[Date "2021.10.13"]
[Round "8.9"]
[White "Dreev, Aleksey"]
[Black "Nesterov, Arseniy"]
[Result "1-0"]
[ECO "D36"]
[WhiteElo "2635"]
[BlackElo "2514"]
[Annotator "RC"]
[PlyCount "159"]
[EventDate "2021.10.12"]
[EventType "swiss"]
[EventCountry "RUS"]
[SourceTitle "playchess.com"]
[Source "ChessBase"]
[SourceQuality "1"]
[TimeControl "900+10"]

1. d4 d5 2. c4 e6 3. Nc3 Nf6 4. cxd5 exd5 5. Bg5 Be7 6. e3 O-O 7. Bd3 Nbd7 8. Nf3 c6 9. Qc2 h6 10. Bh4 Re8 11. O-O Ne4 12. Bxe7 Qxe7 13. b4 a6 14. a4 Ndf6 15. Rab1 Bf5 16. Ne2 Bg4 17. Ne5 Bxe2 18. Bxe2 Nd7 19. Nd3 Nd6 20. Nf4 Rec8 21. b5 cxb5 22. Qa2 bxa4 23. Nxd5 Qe6 24. h3 Kh8 25. Qxa4 b5 26. Qb3 Nc4 27. Nf4 Qd6 28. Rfd1 Rab8 29. g3 a5 30. e4 a4 31. Qf3 a3 32. e5 Qa6 33. e6 fxe6 34. Ng6+ Kg8 35. Ne7+ Kh8 36. Nxc8 Rxc8 37. Qb3 Nb2 38. Re1 Nf6 39. Bxb5 Qa7 40. Qxe6 Rb8 41. Qe5 Rd8 42. Ra1 Rd5 43. Qe2 Qa5 44. Bd3 Rxd4 45. Bg6 Rd8 46. Qe7 Ra8 47. Re5 Qc3 48. Re3 Qd4 49. Rexa3 Rg8 50. Qe3 Qd5 51. Qb3 Nc4 52. Ra4 Qg5 53. Qxc4 Qxg6 54. Ra8 Rxa8 55. Rxa8+ Kh7 56. Ra1 Qf5 57. Kg2 Ne4 58. Qc2 Nxg3 59. Qxf5+ Nxf5 60. Ra6 Kg8 61. Kf3 Kf7 62. Ke4 Ne7 63. f4 Ng6 64. f5 Nf8 65. Ra7+ Kf6 66. Kf4 Nh7 67. Ra6+ Kf7 68. Ra7+ Kf6 69. Ra6+ Kf7 70. Ke5 Ng5 71. Ra7+ Kg8 72. Ra3 Kf8 73. h4 Nf7+ 74. Ke6 Nd8+ 75. Kd7 Nb7 76. Ra8+ Kf7 77. Ra7 Kf6 78. Rxb7 Kxf5 79. Rb5+ Kg4 80. h5 1-0

[Event "RUS-ch Rapid 2021"]
[Site "Sochi"]
[Date "2021.10.13"]
[Round "8.10"]
[White "Bologan, Victor"]
[Black "Murzin, Volodar"]
[Result "0-1"]
[ECO "B12"]
[WhiteElo "2574"]
[BlackElo "2513"]
[Annotator "ChessBase"]
[PlyCount "72"]
[EventDate "2021.10.12"]
[EventType "swiss"]
[EventCountry "RUS"]
[SourceTitle "playchess.com"]
[Source "ChessBase"]
[SourceQuality "1"]
[TimeControl "900+10"]

1. e4 c6 2. d4 d5 3. e5 Bf5 4. Nf3 e6 5. Nbd2 h6 6. Nb3 Nd7 7. Be2 Ne7 8.
O-O g5 9. Ne1 Qc7 10. Nd3 Ng6 11. Be3 Bg7 12. f4 gxf4 13. Nxf4 Nxf4 14. Bxf4 Qb6 15. a4 a6 16. a5 Qb4 17. Kh1 O-O-O 18. Bd3 Bxd3 19. Qxd3 Qe7 20. c4 dxc4 21. Qxc4 Kb8 22. Rf3 Ka8 23. Re1 Rde8 24. Bd2 f6 25. exf6 Bxf6 26. Rfe3 e5 27. Bc3 Bh4 28. g3 Bg5 29. R3e2 e4 30. d5 cxd5 31. Qxd5 Nf6 32. Bxf6 Qxf6 33. Nc5 Rh7 34. Rxe4 Rxe4 35. Qxe4 Re7 36. Qxe7 Qf3+ 0-1

[Event "RUS-ch Rapid 2021"]
[Site "Sochi"]
[Date "2021.10.13"]
[Round "8.11"]
[White "Zakhartsov, Vladimir"]
[Black "Afanasiev, Nikita"]
[Result "0-1"]
[ECO "E21"]
[WhiteElo "2514"]
[BlackElo "2560"]
[Annotator "ChessBase"]
[PlyCount "74"]
[EventDate "2021.10.12"]
[EventType "swiss"]
[EventCountry "RUS"]
[SourceTitle "playchess.com"]
[Source "ChessBase"]
[SourceQuality "1"]
[TimeControl "900+10"]

1. d4 Nf6 2. c4 e6 3. Nc3 Bb4 4. e3 O-O 5. Bd2 b6 6. Nf3 Bb7 7. Bd3 Bxc3 8.
Bxc3 Ne4 9. Bb4 d6 10. O-O Nd7 11. Nd2 f5 12. Bxe4 fxe4 13. Qg4 Rf5 14. d5 Nf6 15. Qh3 Bc8 16. dxe6 Bxe6 17. Bc3 Qd7 18. Qh4 Rh5 19. Qg3 Rf8 20. f4 Bf5 21. Rfd1 Qe6 22. b3 Rh6 23. Nf1 Rg6 24. Qe1 h5 25.
Kh1 Ng4 26. h3 Nh6 27. Qh4 Qe8 28. Ng3 Be6 29. Nxh5 Nf5 30. Qf2 Rxg2 31. Qxg2 Qxh5 32. Rg1 Rf7 33. Rae1 Bd7 34. Re2 Nh4 35. Qf2 Nf3 36. Qg2 Bxh3 37. Qg6 Bg2+ 0-1

[Event "RUS-ch Rapid 2021"]
[Site "Sochi"]
[Date "2021.10.13"]
[Round "8.12"]
[White "Shubin, Kirill"]
[Black "Demidov, Mikhail"]
[Result "0-1"]
[ECO "B06"]
[WhiteElo "2463"]
[BlackElo "2551"]
[Annotator "ChessBase"]
[PlyCount "98"]
[EventDate "2021.10.12"]
[EventType "swiss"]
[EventCountry "RUS"]
[SourceTitle "playchess.com"]
[Source "ChessBase"]
[SourceQuality "1"]
[TimeControl "900+10"]

1. e4 g6 2. d4 Bg7 3. Nf3 d6 4. Nc3 Nc6 5. d5 Nb8 6. Be3 Bg4 7. Qd2 Bxf3 8.
gxf3 c6 9. h4 Nf6 10. O-O-O Qa5 11. Kb1 Nbd7 12. Bh6 Bxh6 13. Qxh6 cxd5 14. Bb5 dxe4 15. Qg7 Rf8 16. fxe4 O-O-O 17. Bxd7+ Kxd7 18. Nd5 Nxd5 19. Rxd5 Qb6 20. e5 Qxf2 21. exd6 exd6 22. Rhd1 Kc7 23. a4 Qxh4 24. a5 a6 25. c4 Qe4+ 26. R1d3 Kb8 27. Qc3 Rfe8 28. Ka2 Rc8 29. R3d4 Qe1 30. Qa3 Re6 31. Rxd6 Rxd6 32. Qxd6+ Ka8 33. Qb6 Qe7 34. b3 h5 35. Rd6 h4 36. Qd4 h3 37. Qd5 h2 38. Rxa6+ Kb8 39. Rb6 Rc5 40. Qh1 Rxa5+ 41. Kb1 Qc7 42. Rb4 Rg5 43. Kc2 Kc8 44. Ra4 Qg3 45. Ra8+ Kc7 46. Qd1 Qf2+ 47. Kc3 Rg3+ 48. Kb4 Qb6+ 49. Ka4 Qxb3+ 0-1

[Event "RUS-ch Rapid 2021"]
[Site "Sochi"]
[Date "2021.10.13"]
[Round "8.13"]
[White "Nozdrachev, Vladislav"]
[Black "Oganian, Miran"]
[Result "1/2-1/2"]
[ECO "B38"]
[WhiteElo "2495"]
[BlackElo "2441"]
[Annotator "ChessBase"]
[PlyCount "107"]
[EventDate "2021.10.12"]
[EventType "swiss"]
[EventCountry "RUS"]
[SourceTitle "playchess.com"]
[Source "ChessBase"]
[SourceQuality "1"]
[TimeControl "900+10"]

1. e4 c5 2. Nf3 g6 3. d4 cxd4 4. Nxd4 Bg7 5. c4 Nc6 6. Be3 Nf6 7. Nc3 O-O 8. Be2 d6 9. O-O Bd7 10. f3 Nxd4 11. Bxd4 Bc6 12. Qd2 Nd7 13. Be3 a5 14. b3 Nc5 15. Rac1 Qb6 16. Nd5 Bxd5 17. exd5 Qb4 18. Rc2 Na6 19. Rb1 Qa3 20. Qc1 Qxc1+ 21. Rcxc1 Nb4 22. a3 Na2 23. Rc2 Nc3 24. Rbc1 Nxe2+ 25. Rxe2 a4 26. b4 Rfd8 27. Bg5 Bd4+ 28. Kf1 f6 29. Be3 Bxe3 30. Rxe3 Kf7 31. Ke2 Rd7 32. Kd3 b6 33. g4 Rh8 34. h4 h5 35. Rh1 Rc7 36. Re4 Rh7 37. b5 Rc8 38.
Kc3 hxg4 39. fxg4 Rch8 40. Rhe1 Re8 41. g5 f5 42. Rd4 Reh8 43.
Rh1 Rh5 44. Kb4 Rxg5 45. Kxa4 Rg4 46. Rxg4 fxg4 47. Rg1 Rxh4 48. Kb4 Rh8 49. Rxg4 Kf6 50. Rf4+ Kg7 51. Re4 Kf7 52. Rf4+ Kg7 53. Re4 Kf7 54. Rf4+ 1/2-1/2

[Event "RUS-ch Rapid 2021"]
[Site "Sochi"]
[Date "2021.10.13"]
[Round "8.14"]
[White "Gutenev, Alexander"]
[Black "Bocharov, Dmitry"]
[Result "0-1"]
[ECO "B90"]
[WhiteElo "2455"]
[BlackElo "2517"]
[Annotator "RC"]
[PlyCount "117"]
[EventDate "2021.10.12"]
[EventType "swiss"]
[EventCountry "RUS"]
[SourceTitle "playchess.com"]
[Source "ChessBase"]
[SourceQuality "1"]
[TimeControl "900+10"]

1. e4 c5 2. Nf3 d6 3. d4 cxd4 4. Nxd4 Nf6 5. Nc3 a6 6. Qd3 Nbd7 7. Be2 g6 8. O-O Bg7 9. a4 b6 10. f4 Bb7 11. Bf3 O-O 12. e5 dxe5 13.
Bxb7 Nc5 14. Qc4 Nxb7 15. Nc6 Na5 16. Nxa5 bxa5 17. fxe5 Nd7 18. Be3 Nxe5 19. Qe4 e6 20. Bc5 Re8 21. Rad1 Qc7 22. Bd6 Qc4 23. Bxe5 Qxe4 24. Nxe4 Bxe5 25. Rd7 f5 26. Nc5 Rac8 27. Nd3 Bf6 28. c3 Red8 29. Rxd8+ Rxd8 30. Nc5 Rd6 31. Rf2 Be7 32. Nb7 Rb6 33. Nxa5 Bc5 34. b4 Bxf2+ 35. Kxf2 e5 36. Ke3 Kg7 37. Nc4 Rc6 38. Kd3 Kf6 39. b5 axb5 40. axb5 Rc5 41. Na3 Ke6 42. c4 Rc8 43. Nc2 Kd6 44. Nb4 Kc5 45. Kc3 e4 46. Na6+ Kb6 47. Nb4 Rd8 48. Nd5+ Rxd5 49. cxd5 Kxb5 50. Kd4 Kb6 51. g3 Kc7 52. Kc4 Kd6 53. Kd4 h6 54. h3 Kd7 55. Kc4 g5 56. Kd4 h5 57. Ke3 h4 58.
gxh4 gxh4 59. Kd4 0-1

[Event "RUS-ch Rapid 2021"]
[Site "Sochi"]
[Date "2021.10.13"]
[Round "8.15"]
[White "Zubritskiy, Artyom"]
[Black "Savchenko, Boris"]
[Result "1-0"]
[ECO "A37"]
[WhiteElo "2442"]
[BlackElo "2535"]
[Annotator "ChessBase"]
[PlyCount "91"]
[EventDate "2021.10.12"]
[EventType "swiss"]
[EventCountry "RUS"]
[SourceTitle "playchess.com"]
[Source "ChessBase"]
[SourceQuality "1"]
[TimeControl "900+10"]

1. c4 g6 2. g3 Bg7 3. Bg2 c5 4. Nc3 Nc6 5. Nf3 e6 6. a3 Nge7 7. Rb1 d5 8. b4 cxb4 9. axb4 dxc4 10. b5 Na5 11. Qa4 O-O 12. Ba3 b6 13. Ne5 Rb8 14. Nc6 Nexc6 15. Bxf8 Bxf8 16. bxc6 a6 17. Qxa5 bxa5 18.
Rxb8 Kg7 19. O-O Bb4 20. Rc1 Qxd2 21. Rd1 Qxc3 22. Rxc8 Qe5 23. c7 Kh6 24. Rd4 Qc5 25. Rd7 c3 26. Be4 c2 27. Bxc2 Qxc2 28. Rcd8 Qxe2 29. c8=Q Qe1+ 30. Kg2 Qe4+ 31. Kf1 Qe1+ 32. Kg2 Qe4+ 33. f3 Qe2+ 34. Kh3 Qf1+ 35. Kg4 f5+ 36. Kf4 e5+ 37. Kxe5 Qe1+ 38. Kd5 Qd1+ 39. Kc6 Qxf3+ 40. Rd5 a4 41. Qxa6 a3 42. Qc4 Be7 43. R8d7 Bf6 44. Ra7 g5 45. Qd3 Qg4 46. Qxf5 1-0

[Event "RUS-ch Rapid 2021"]
[Site "Sochi"]
[Date "2021.10.13"]
[Round "8.16"]
[White "Pershin, Denis"]
[Black "Triapishko, Alexandr"]
[Result "1/2-1/2"]
[ECO "E34"]
[WhiteElo "2388"]
[BlackElo "2506"]
[Annotator "ChessBase"]
[PlyCount "62"]
[EventDate "2021.10.12"]
[EventType "swiss"]
[EventCountry "RUS"]
[SourceTitle "playchess.com"]
[Source "ChessBase"]
[SourceQuality "1"]
[TimeControl "900+10"]

1. d4 Nf6 2. c4 e6 3. Nc3 Bb4 4. Qc2 d5 5. cxd5 Qxd5 6. e3 c5 7. Bd2 Bxc3 8.
Bxc3 cxd4 9. Bxd4 Nc6 10. Bc3 O-O 11. Nf3 Qc5 12. Rc1 Rd8 13.
Be2 Nd5 14. O-O Nxc3 15. Qxc3 Qxc3 16. Rxc3 Bd7 17. Rd1 Be8 18. Kf1 Kf8 19. a3 Ke7 20. Rdc1 f6 21. Ke1 Rac8 22. Nd2 Bd7 23. Bf3 Ne5 24. Rxc8 Rxc8 25. Rxc8 Nxf3+ 26. Nxf3 Bxc8 27. e4 e5 28. Nd2 Kd6 29. Ke2 Be6 30. Kd3 Kc5 31. Kc3 b6 1/2-1/2

[Event "RUS-ch Rapid 2021"]
[Site "Sochi"]
[Date "2021.10.13"]
[Round "8.17"]
[White "Rozum, Ivan"]
[Black "Bryakin, Mikhail"]
[Result "1-0"]
[ECO "A11"]
[WhiteElo "2529"]
[BlackElo "2498"]
[Annotator "RC"]
[PlyCount "115"]
[EventDate "2021.10.12"]
[EventType "swiss"]
[EventCountry "RUS"]
[SourceTitle "playchess.com"]
[Source "ChessBase"]
[SourceQuality "1"]
[TimeControl "900+10"]

1. Nf3 d5 2. g3 Nf6 3. Bg2 c6 4. c4 dxc4 5. O-O Nbd7 6. Na3 Nb6 7. Ne5 h5 8. Naxc4 Nxc4 9. Nxc4 h4 10. Qb3 hxg3 11. fxg3 Qd4+ 12. e3 Qc5 13. Rf4 e5 14. d4 exd4 15. exd4 Qb4 16. Bd2 Qxb3 17. axb3 Be6 18. Nb6 Rb8 19. Rxa7 Bd6 20. Rf1 Bxb3 21. Bf4 Bxf4 22. Rxf4 Kd8 23. Rf3 Be6 24. Rc3 Rh5 25. Rc5 Rxc5 26. dxc5 Kc7 27. Ra8 Rxa8 28. Nxa8+ Kd8 29. Nb6 Ng4 30. Bf3 Ne5 31. Be2 g5 32. Kf2 Ke7 33. Ke3 f5 34. b4 Kf6 35. Kd4 f4 36. gxf4 gxf4 37. Ke4 Ng6 38.
Bh5 Bf5+ 39. Kf3 Ne5+ 40. Kxf4 Nd3+ 41. Ke3 Nxb4 42. Be2 Nc2+ 43. Kf4 Nd4 44. Bc4 Bh3 45. Ke4 Nc2 46. Kf4 Nd4 47. Na4 Ke7 48. Nc3 Kd7 49. Ne4 Kc7 50. Ng5 Bd7 51. h4 b6 52. h5 Nf5 53.
Be6 Ne7 54. cxb6+ Kxb6 55. Bxd7 Kc7 56. Be6 Kd6 57. Bf7 Nc8 58. h6 1-0

[Event "RUS-ch Rapid 2021"]
[Site "Sochi"]
[Date "2021.10.13"]
[Round "8.18"]
[White "Grebnev, Aleksey"]
[Black "Petrov, Nikita"]
[Result "0-1"]
[ECO "E50"]
[WhiteElo "2469"]
[BlackElo "2539"]
[Annotator "RC"]
[PlyCount "132"]
[EventDate "2021.10.12"]
[EventType "swiss"]
[EventCountry "RUS"]
[SourceTitle "playchess.com"]
[Source "ChessBase"]
[SourceQuality "1"]
[TimeControl "900+10"]

1. d4 Nf6 2. c4 e6 3. Nc3 Bb4 4. e3 O-O 5. Nf3 c5 6. Bd2 b6 7. a3 Bxc3 8.
Bxc3 Ne4 9. Rc1 Bb7 10. Bd3 Nxc3 11. Rxc3 d6 12. O-O Nd7 13. d5 e5 14. e4 g6 15. Qd2 Kg7 16. h3 Qe7 17. b4 cxb4 18.
axb4 a5 19. Rb1 axb4 20. Rcb3 Ra3 21. Qxb4 Rxb3 22. Rxb3 Nc5 23. Ra3 Qc7 24. Bc2 Ra8 25. Rxa8 Bxa8 26. Qa3 Bb7 27. Qa7 Qd8 28. h4 Bc8 29. g3 Bg4 30. Qa3 Bxf3 31. Qxf3 Qa8 32. Qe2 Qa1+ 33. Kg2 Qc1 34. f3 Qb2 35. Qf2 Qc3 36. Qe2 Nb7 37. g4 Na5 38. Bd3 h6 39. Kf2 Nb3 40. Qc2 Qb4 41. Kg2 Nd4 42. Qf2 Qc3 43. Bf1 Qc1 44. Bd3 Qf4 45. Bf1 Kg8 46. Bd3 Kf8 47. Bf1 Kg7 48. Bd3 Qc1 49. Bf1 Qc3 50. Kg3 f5 51. gxf5 gxf5 52. Kg2 f4 53. h5 Qe3 54. Qh4 Qxf3+ 55. Kg1 Qg3+ 56. Qxg3+ fxg3 57. Kg2 Kf6 58. Kxg3 Kg5 59. Bd3 Kxh5 60. Bf1 Kg5 61. Bd3 h5 62. Bb1 h4+ 63. Kh3 Ne2 64. Bc2 Nd4 65. Bd3 Nf3 66. Bb1 Kh5 0-1

[Event "RUS-ch Rapid 2021"]
[Site "Sochi"]
[Date "2021.10.13"]
[Round "8.19"]
[White "Kobalia, Mikhail"]
[Black "Zakaryan, David"]
[Result "0-1"]
[ECO "B40"]
[WhiteElo "2600"]
[BlackElo "2283"]
[Annotator "RC"]
[PlyCount "118"]
[EventDate "2021.10.12"]
[EventType "swiss"]
[EventCountry "RUS"]
[SourceTitle "playchess.com"]
[Source "ChessBase"]
[SourceQuality "1"]
[TimeControl "900+10"]

1. e4 c5 2. Nf3 e6 3. g3 Nc6 4. Bg2 Nf6 5. Qe2 e5 6. O-O Be7 7. d3 O-O 8. c3 Re8 9. Na3 h6 10. Nc4 Bf8 11. Ne3 d6 12. Nd2 b6 13. f4 exf4 14. gxf4 Qc7 15. Kh1 Ba6 16. Rg1 Rad8 17. c4 b5 18. b3 bxc4 19. bxc4 Nd4 20.
Qf2 Rb8 21. Nb3 g6 22. Bb2 Bg7 23. Bh3 Bb7 24. Bg2 Bc6 25. Rab1 Kh7 26. Ba1 a5 27. Qh4 Qe7 28. Rge1 Nh5 29. Qf2 Nxb3 30. Bxg7 Kxg7 31. Rxb3 Rxb3 32. axb3 Rb8 33. Nd5 Bxd5 34. cxd5 Qf6 35. Rf1 Rxb3 36. Qe3 Qd4 37. Qxd4+ cxd4 38. e5 a4 39. exd6 Rb6 40. Ra1 Nxf4 41. d7 Rd6 42. Rxa4 Nxd3 43. Rxd4 Ne5 44. h3 Nxd7 45. Kh2 f5 46. Rc4 Kf6 47. Rh4 h5 48. Rb4 g5 49. h4 g4 50. Rb1 Nb6 51. Rb5 Ke5 52.
Kg3 f4+ 53. Kf2 f3 54. Bf1 Nxd5 55. Ra5 Rc6 56. Kg3 Rc1 57. Bd3 Kd4 58. Bg6 Rg1+ 59. Kh2 f2 0-1

[Event "RUS-ch Rapid 2021"]
[Site "Sochi"]
[Date "2021.10.13"]
[Round "8.20"]
[White "Antipov, Mikhail Al."]
[Black "Klukin, Kirill"]
[Result "1/2-1/2"]
[ECO "B30"]
[WhiteElo "2619"]
[BlackElo "2346"]
[Annotator "RC"]
[PlyCount "89"]
[EventDate "2021.10.12"]
[EventType "swiss"]
[EventCountry "RUS"]
[SourceTitle "playchess.com"]
[Source "ChessBase"]
[SourceQuality "1"]
[TimeControl "900+10"]

1. e4 c5 2. Nc3 Nc6 3. Nf3 e5 4. Bc4 Be7 5. d3 d6 6. a4 Nf6 7. Bg5 O-O 8. Bxf6 Bxf6 9. Nd5 Be6 10. c3 Rb8 11. Qd2 a6 12. O-O g6 13. h3 Bg7 14. Ng5 Ne7 15. Nxe6 fxe6 16. Ne3 Qd7 17. a5 Kh8 18. Qe2 d5 19. Bb3 b5 20. axb6 Rxb6 21. Ba4 Qb7 22. Ra2 Rb8 23. b3 Qc7 24. Re1 Rd8 25.
Qg4 Rf8 26. g3 Bh6 27. Ng2 d4 28. cxd4 cxd4 29. Ree2 Qd6 30. Rac2 Rbb8 31. h4 Rbc8 32. h5 Rg8 33. Nh4 Rcf8 34. hxg6 Nxg6 35. Rc6 Qxc6 36. Bxc6 Nf4 37. Qf3 Nh3+ 38. Kh2 Rxf3 39. Nxf3 Rf8 40. Nxe5 Rxf2+ 41. Rxf2 Nxf2 42. Kg2 Bg7 43. Kxf2 Bxe5 44. Bd7 Kg7 45. Bxe6 1/2-1/2

[Event "RUS-ch Rapid 2021"]
[Site "Sochi"]
[Date "2021.10.13"]
[Round "8.21"]
[White "Kezin, Roman"]
[Black "Rodin, Dmitrij"]
[Result "1-0"]
[ECO "E16"]
[WhiteElo "2492"]
[BlackElo "2359"]
[Annotator "ChessBase"]
[PlyCount "85"]
[EventDate "2021.10.12"]
[EventType "swiss"]
[EventCountry "RUS"]
[SourceTitle "playchess.com"]
[Source "ChessBase"]
[SourceQuality "1"]
[TimeControl "900+10"]

1. d4 Nf6 2. c4 e6 3. g3 Bb4+ 4. Bd2 a5 5. Bg2 O-O 6. Nf3 b6 7. O-O Bb7 8. Nc3 d6 9. d5 e5 10. Ne1 Nbd7 11. e4 Nc5 12. Qe2 Ba6 13. Nc2 Bxc3 14. Bxc3 Na4 15. Qd3 Re8 16. Ne3 Nxc3 17. Qxc3 Qd7 18. b3 Rac8 19. Rfd1 g6 20.
a3 c6 21. dxc6 Rxc6 22. Qd3 Qc7 23. a4 Bc8 24. Ra2 Be6 25.
Rad2 Nd7 26. Qc3 Nc5 27. f4 f6 28. f5 Bf7 29. h4 Qe7 30. Rf2 Kg7 31. Rdf1 d5 32. cxd5 Rcc8 33. Nc4 Nd7 34. Bh3 Rf8 35. Qe3 gxf5 36. Bxf5 Rb8 37. Bxd7 Qxd7 38. Rxf6 Bg6 39. Nxe5 Qc7 40.
Rxf8 Rxf8 41. Rxf8 Kxf8 42. Nxg6+ hxg6 43. Qf4+ 1-0

[Event "RUS-ch Rapid 2021"]
[Site "Sochi"]
[Date "2021.10.13"]
[Round "8.22"]
[White "Smirnov, Timofey"]
[Black "Khanin, Semen"]
[Result "0-1"]
[ECO "C54"]
[WhiteElo "2409"]
[BlackElo "2521"]
[Annotator "RC"]
[PlyCount "141"]
[EventDate "2021.10.12"]
[EventType "swiss"]
[EventCountry "RUS"]
[SourceTitle "playchess.com"]
[Source "ChessBase"]
[SourceQuality "1"]
[TimeControl "900+10"]

1. e4 e5 2. Nf3 Nc6 3. Bc4 Bc5 4. c3 Nf6 5. d3 d6 6. O-O a6 7. a4 Ba7 8. b4 O-O 9. Na3 Ne7 10. Nc2 Ng6 11. Be3 h6 12. Re1 Bb8 13.
h3 c6 14. Nd2 Re8 15. a5 d5 16. Ba2 Be6 17. Bb6 Qd6 18. Nf1 Nf4 19. Ng3 Qd7 20. Ne3 g6 21. exd5 cxd5 22. Bb3 Qc8 23. Ba4 Bd7 24. Bxd7 Qxd7 25. Ne2 Nxh3+ 26. gxh3 Qxh3 27. Ng3 e4 28. Bd4 Bxg3 29. fxg3 Qxg3+ 30. Kh1 Qh4+ 31. Kg1 exd3 32. Bxf6 Qxf6 33. Qxd3 Qf3 34. Qd2 Re4 35. Ng2 Rae8 36. Rxe4 dxe4 37. Rf1 Qh3 38. Qd5 Qe6 39. Qxb7 e3 40. Re1 e2 41. Qf3 g5 42. Kf2 Qc4 43.
Rxe2 Rxe2+ 44. Qxe2 Qxc3 45. Qxa6 Qxb4 46. Ne3 h5 47. Qb6 Qd2+ 48. Kf3 g4+ 49. Ke4 g3 50. Qb8+ Kh7 51. Qe5 g2 52. Qxh5+ Kg8 53. Qg5+ Kf8 54. Qxg2 Qxa5 55. Qb2 Qa4+ 56. Ke5 Qa5+ 57. Nd5 Qe1+ 58. Kd6 Qe6+ 59. Kc5 Qc8+ 60. Kd4 Qg4+ 61. Kd3 Qg3+ 62. Ne3 Qd6+ 63. Ke4 Qe6+ 64. Kf4 Qh6+ 65. Kf3 Qh3+ 66. Kf4 Qh6+ 67. Ke4 Qe6+ 68. Kd3 Qd6+ 69. Qd4 Qxd4+ 70. Kxd4 f5 71. Nxf5 0-1

[Event "RUS-ch Rapid 2021"]
[Site "Sochi"]
[Date "2021.10.13"]
[Round "8.23"]
[White "Gochelashvili, David"]
[Black "Trushnikov, Sergey"]
[Result "1-0"]
[ECO "B06"]
[WhiteElo "2400"]
[BlackElo "2525"]
[Annotator "ChessBase"]
[PlyCount "63"]
[EventDate "2021.10.12"]
[EventType "swiss"]
[EventCountry "RUS"]
[SourceTitle "playchess.com"]
[Source "ChessBase"]
[SourceQuality "1"]
[TimeControl "900+10"]

1. e4 g6 2. d4 Bg7 3. Nc3 d6 4. Be3 a6 5. a4 Nc6 6. Nge2 Nf6 7. f3 h5 8. Qd2 Rb8 9. h3 h4 10. Bg5 Ng8 11. Nd5 Bh6 12. Bxh6 Rxh6 13. b4 e6 14. Ne3 Kf8 15. b5 Nce7 16. c4 Ra8 17. Nc3 Rh5 18. Be2 Rh7 19. O-O g5 20. f4 Ng6 21. f5 Nf4 22. fxe6 fxe6 23. Ng4 Nh6 24. e5 Nxg4 25. Bxg4 dxe5 26. Ne4 Rf7 27. Rad1 axb5 28. Qb4+ Qe7 29. Qxb5 Ng6 30. Bh5 Kg7 31. Bxg6 Kxg6 32. Qxe5 1-0

[Event "RUS-ch Rapid 2021"]
[Site "Sochi"]
[Date "2021.10.13"]
[Round "8.24"]
[White "Truskavetsky, Alexandr"]
[Black "Khegay, Dmitriy"]
[Result "0-1"]
[ECO "D03"]
[WhiteElo "2371"]
[BlackElo "2521"]
[Annotator "ChessBase"]
[PlyCount "110"]
[EventDate "2021.10.12"]
[EventType "swiss"]
[EventCountry "RUS"]
[SourceTitle "playchess.com"]
[Source "ChessBase"]
[SourceQuality "1"]
[TimeControl "900+10"]

1. d4 Nf6 2. Nf3 e6 3. Bg5 d5 4. e3 h6 5. Bh4 c5 6. Nbd2 Nbd7 7. c3 Bd6 8. Bd3 b6 9. O-O Bb7 10. Qe2 O-O 11. e4 dxe4 12. Nxe4 Be7 13. Nxf6+ Bxf6 14. Bxf6 Qxf6 15. Be4 Bxe4 16. Qxe4 cxd4 17. Qxd4 Qxd4 18. Nxd4 Rac8 19. Rfd1 Nc5 20. Rd2 Rfd8 21.
Rad1 Na4 22. Kf1 Nxb2 23. Rxb2 e5 24. Rbd2 exd4 25. cxd4 Kf8 26. f3 Ke7 27. Kf2 Kd6 28. Re1 Re8 29. Re4 f5 30. Rf4 Rf8 31. g4 fxg4 32. Rxg4 Rc7 33. d5 g5 34. h4 Rf5 35. hxg5 hxg5 36. Kg2 Rc3 37. Ra4 Rc7 38. Rad4 Rf4 39. Kg3 Rcf7 40. R4d3 R7f5 41. Ra3 Rf7 42. Rc3 R7f6 43. Ra3 a5 44. Rc3 b5 45. Rdc2 b4 46. Rc6+ Kxd5 47. R6c5+ Kd4 48. Rxa5 Rxf3+ 49. Kg4 Rf2 50. Rcc5 Rg2+ 51. Kh3 Rxa2 52. Rd5+ Kc4 53. Rac5+ Kb3 54. Rxg5 Rf3+ 55. Kg4 Rc3 0-1